MID
ATLANTA (MID) BRAVES @ LAKEWOOD BLUECLAWS
08/25/2044
 
TOP OF THE 1ST
Atlanta (MID) Braves batting - Pitching for Lakewood BlueClaws : RHP Ken Tetzlaff
Pitching: RHP Ken Tetzlaff
Batting: LHB Bobby Upton 0-0: Ball
1-0: Ball
2-0: Called Strike
2-1: Fly out, F9 (Flyball, 9LM, EV 83.8 MPH)
Batting: LHB Tommy Williams 0-0: Fly out, F3 (Popup, 23F, EV 84.4 MPH)
Batting: RHB Corey Dalton 0-0: Called Strike
0-1: DOUBLE (Line Drive, 9LM, EV 101.9 MPH)
Batting: RHB Mike Shook 0-0: Ball
1-0: Ball
2-0: Ball
3-0: Foul Ball, location: 2F
3-1: Called Strike
3-2: Base on Balls
Batting: SHB Richello Badua 0-0: Swinging Strike
0-1: Foul Ball, location: 2F
0-2: Foul Ball, location: 2F
0-2: Foul Ball, location: 2F
0-2: Ball
1-2: Foul Ball, location: 2F
1-2: Foul Ball, location: 2F
1-2: Ball
2-2: SINGLE (Groundball, 34D, EV 106.3 MPH) (infield hit)
Corey Dalton to third
Mike Shook to second
Batting: SHB Brandon McClain 0-0: Called Strike
0-1: Swinging Strike
0-2: Ball
1-2: Ball
2-2: Ball
3-2: Base on Balls
Corey Dalton scores
Mike Shook to third
Richello Badua to second
Batting: RHB Andy Cunningham 0-0: Ball
1-0: Ball
2-0: Fly out, F9 (Flyball, 89D, EV 91.9 MPH)
Top of the 1st over - 1 run, 2 hits, 0 errors, 3 left on base; Atlanta (MID) 1 - Lakewood 0
BOTTOM OF THE 1ST
Lakewood BlueClaws batting - Pitching for Atlanta (MID) Braves : RHP Andy Kiefer
Pitching: RHP Andy Kiefer
Batting: RHB Steve Jones 0-0: Ground out U3 (Groundball, 34, EV 83.8 MPH)
Batting: RHB Alberto Ramirez 0-0: SINGLE (Line Drive, 89M, EV 102.5 MPH)
Batting: RHB Victor Arroyo 0-0: Ball
1-0: Foul Ball, location: 2F
1-1: Foul Ball, location: 2F
1-2: Ball
2-2: Ball
3-2: Fly out, F9 (Flyball, 9D, EV 103.1 MPH)
Batting: RHB William-Floyd Goof 0-0: SINGLE (Groundball, 4MD, EV 105.6 MPH)
Alberto Ramirez to second
Runner from 2nd tries for 3rd, SAFE, throw by CF made at trailing runner, OUT! 8-6
Bottom of the 1st over - 0 runs, 2 hits, 0 errors, 1 left on base; Atlanta (MID) 1 - Lakewood 0
TOP OF THE 2ND
Atlanta (MID) Braves batting - Pitching for Lakewood BlueClaws : RHP Ken Tetzlaff
Batting: RHB Nick Platt 0-0: Ball
1-0: Foul Ball, location: 2F
1-1: Ball
2-1: SINGLE (Groundball, 34D, EV 101.3 MPH)
Batting: RHB Bobby Light 0-0: Ball
1-0: Foul Ball, location: 2F
1-1: Foul Ball, location: 2F
1-2: Foul Ball, location: 2F
1-2: Foul Ball, location: 2F
1-2: Fielders Choice at 2nd, 6-4 (Groundball, 6, EV 92.5 MPH)
Batting: LHB Bobby Upton 0-0: Called Strike
0-1: 2-RUN HOME RUN (Line Drive, 9D, EV 104.4 MPH), Distance : 390 ft
Batting: LHB Tommy Williams 0-0: Foul Ball, location: 2F
0-1: Called Strike
0-2: SINGLE (Groundball, 25, EV 65.0 MPH) (infield hit)
Batting: RHB Corey Dalton 0-0: Ball
1-0: Ball
2-0: Foul Ball, location: 2F
2-1: Foul Ball, location: 2F
2-2: Foul Ball, location: 2F
2-2: Ball
Passed Ball!
Tommy Williams to second
3-2: Strikes out swinging
Batting: RHB Mike Shook 0-0: Ball
1-0: Ball
2-0: SINGLE (Flyball, 78S, EV 93.8 MPH)
Tommy Williams to third
Runner from 3rd tries for Home, SAFE, throw by LF to home
Batting: SHB Richello Badua 0-0: Called Strike
0-1: Ball
1-1: Foul Ball, location: 2F
1-2: Foul Ball, location: 2F
1-2: Fly out, F7 (Flyball, 7LS, EV 86.3 MPH)
Top of the 2nd over - 3 runs, 4 hits, 0 errors, 1 left on base; Atlanta (MID) 4 - Lakewood 0
BOTTOM OF THE 2ND
Lakewood BlueClaws batting - Pitching for Atlanta (MID) Braves : RHP Andy Kiefer
Batting: RHB Roberto Ruiz 0-0: Ball
1-0: Ball
2-0: Ball
3-0: Base on Balls
Batting: RHB Kyle Morse 0-0: Ball
1-0: 2-RUN HOME RUN (Flyball, 7D, EV 93.1 MPH), Distance : 342 ft
Batting: RHB Manny Mendoza 0-0: Fly out, F4 (Popup, 34S, EV 80.0 MPH)
Batting: LHB Troy Hodge 0-0: Ball
1-0: Called Strike
1-1: Ball
2-1: Ball
3-1: Base on Balls
Batting: RHB Pablo Lopez 0-0: Called Strike
0-1: Called Strike
0-2: Foul Ball, location: 2F
0-2: Strikes out looking
Batting: RHB Steve Jones 0-0: DOUBLE (Line Drive, 89D, EV 98.8 MPH)
Troy Hodge to third
Runner from 3rd tries for Home, SAFE, throw by RF to trailing runner, SAFE at third!
Batting: RHB Alberto Ramirez 0-0: Called Strike
0-1: Ground out 6-3 (Groundball, 6, EV 101.9 MPH)
Bottom of the 2nd over - 3 runs, 2 hits, 0 errors, 1 left on base; Atlanta (MID) 4 - Lakewood 3
TOP OF THE 3RD
Atlanta (MID) Braves batting - Pitching for Lakewood BlueClaws : RHP Ken Tetzlaff
Batting: SHB Brandon McClain 0-0: Ground out 6-3 (Groundball, 6, EV 89.4 MPH)
Batting: RHB Andy Cunningham 0-0: Swinging Strike
0-1: Ball
1-1: Called Strike
1-2: Foul Ball, location: 2F
1-2: Strikes out swinging
Batting: RHB Nick Platt 0-0: Ground out 1-3 (Groundball, 34S, EV 61.9 MPH)
Top of the 3rd over - 0 runs, 0 hits, 0 errors, 0 left on base; Atlanta (MID) 4 - Lakewood 3
BOTTOM OF THE 3RD
Lakewood BlueClaws batting - Pitching for Atlanta (MID) Braves : RHP Andy Kiefer
Batting: RHB Victor Arroyo 0-0: Called Strike
0-1: Foul Ball, location: 2F
0-2: Strikes out looking
Batting: RHB William-Floyd Goof 0-0: Swinging Strike
0-1: Foul Ball, location: 2F
0-2: Strikes out swinging
Batting: RHB Roberto Ruiz 0-0: Called Strike
0-1: Ball
1-1: Ball
2-1: Ball
3-1: SINGLE (Groundball, 56D, EV 108.8 MPH)
Batting: RHB Kyle Morse 0-0: Ball
1-0: Ball
2-0: Foul Ball, location: 2F
2-1: Fly out, F7 (Flyball, 78D, EV 87.5 MPH)
Bottom of the 3rd over - 0 runs, 1 hit, 0 errors, 1 left on base; Atlanta (MID) 4 - Lakewood 3
TOP OF THE 4TH
Atlanta (MID) Braves batting - Pitching for Lakewood BlueClaws : RHP Ken Tetzlaff
Batting: RHB Bobby Light 0-0: Ball
1-0: Ball
2-0: Called Strike
2-1: Called Strike
2-2: Foul Ball, location: 2F
2-2: Ball
3-2: Strikes out swinging
Batting: LHB Bobby Upton 0-0: Swinging Strike
0-1: Swinging Strike
0-2: Strikes out swinging
Batting: LHB Tommy Williams 0-0: Ball
1-0: Called Strike
1-1: Called Strike
1-2: Strikes out looking and he ARGUES THE CALL AND IS TOSSED!
Top of the 4th over - 0 runs, 0 hits, 0 errors, 0 left on base; Atlanta (MID) 4 - Lakewood 3
BOTTOM OF THE 4TH
Lakewood BlueClaws batting - Pitching for Atlanta (MID) Braves : RHP Andy Kiefer
Now at 2B: Juan Aguilar
Batting: RHB Manny Mendoza 0-0: Ball
1-0: Ball
2-0: Called Strike
2-1: Ball
3-1: Base on Balls
Batting: LHB Troy Hodge 0-0: Ball
1-0: Foul Ball, location: 2F
1-1: Ball
2-1: Foul Ball, location: 2F
2-2: Ball
3-2: Fly out, F9 (Flyball, 89D, EV 100.6 MPH)
Batting: RHB Pablo Lopez 0-0: Foul Ball, location: 2F
0-1: Foul Ball, location: 2F
0-2: Foul Ball, location: 2F
0-2: Ball
1-2: Ball
2-2: Strikes out swinging
Batting: RHB Steve Jones 0-0: Ball
1-0: Fielders Choice at 2nd, 5-4 (Groundball, 5L, EV 103.1 MPH)
Bottom of the 4th over - 0 runs, 0 hits, 0 errors, 1 left on base; Atlanta (MID) 4 - Lakewood 3
TOP OF THE 5TH
Atlanta (MID) Braves batting - Pitching for Lakewood BlueClaws : RHP Ken Tetzlaff
Pitching: RHP Dustin Hensley
Batting: RHB Corey Dalton 0-0: Foul Ball, location: 2F
0-1: Ball
1-1: Ball
2-1: Foul Ball, location: 2F
2-2: Ball
3-2: Base on Balls
Batting: RHB Mike Shook 0-0: Called Strike
0-1: Swinging Strike
0-2: Grounds into double play, U6-3 (Groundball, 4M, EV 80.6 MPH)
Batting: SHB Richello Badua 0-0: Called Strike
0-1: Foul Ball, location: 2F
0-2: Ball
1-2: Ball
2-2: Strikes out looking
Top of the 5th over - 0 runs, 0 hits, 0 errors, 0 left on base; Atlanta (MID) 4 - Lakewood 3
BOTTOM OF THE 5TH
Lakewood BlueClaws batting - Pitching for Atlanta (MID) Braves : RHP Andy Kiefer
Batting: RHB Alberto Ramirez 0-0: Ball
1-0: Ball
2-0: Ground out 4-3 (Groundball, 4, EV 101.9 MPH)
Batting: RHB Victor Arroyo 0-0: Ball
1-0: Foul Ball, location: 2F
1-1: Ball
2-1: Ball
3-1: Base on Balls
Batting: RHB William-Floyd Goof 0-0: Foul Ball, location: 2F
0-1: Called Strike
0-2: Ball
1-2: Fly out, F7 (Flyball, 7D, EV 101.9 MPH)
Batting: RHB Roberto Ruiz 0-0: Ball
1-0: Fly out, F9 (Flyball, 89D, EV 86.9 MPH)
Bottom of the 5th over - 0 runs, 0 hits, 0 errors, 1 left on base; Atlanta (MID) 4 - Lakewood 3
TOP OF THE 6TH
Atlanta (MID) Braves batting - Pitching for Lakewood BlueClaws : RHP Dustin Hensley
Batting: SHB Brandon McClain 0-0: Called Strike
0-1: Called Strike
0-2: Ball
1-2: Fly out, F5 (Popup, 25F, EV 90.6 MPH)
Batting: RHB Andy Cunningham 0-0: Called Strike
0-1: Foul Ball, location: 2F
0-2: Strikes out looking
Batting: RHB Nick Platt 0-0: Swinging Strike
0-1: Called Strike
0-2: Strikes out swinging
Top of the 6th over - 0 runs, 0 hits, 0 errors, 0 left on base; Atlanta (MID) 4 - Lakewood 3
BOTTOM OF THE 6TH
Lakewood BlueClaws batting - Pitching for Atlanta (MID) Braves : RHP Andy Kiefer
Batting: RHB Kyle Morse 0-0: SOLO HOME RUN (Flyball, 9D, EV 98.1 MPH), Distance : 369 ft
Batting: RHB Manny Mendoza 0-0: Ball
1-0: Foul Ball, location: 2F
1-1: Called Strike
1-2: Ball
2-2: Ball
3-2: Base on Balls
Pitching: RHP Craig Goguen
Batting: LHB Troy Hodge 0-0: Ball
1-0: Foul Ball, location: 2F
1-1: Ball
2-1: Ball
3-1: Base on Balls
Manny Mendoza to second
Pinch Hitting: SHB Bob Dixon 0-0: Called Strike
0-1: Swinging Strike
0-2: Foul Ball, location: 2F
0-2: Ball
1-2: Grounds into double play, 6-4-3 (Groundball, 6, EV 80.6 MPH)
Manny Mendoza to third
Batting: RHB Steve Jones 0-0: Ground out 4-3 (Groundball, 4, EV 84.4 MPH)
Bottom of the 6th over - 1 run, 1 hit, 0 errors, 1 left on base; Atlanta (MID) 4 - Lakewood 4
TOP OF THE 7TH
Atlanta (MID) Braves batting - Pitching for Lakewood BlueClaws : RHP Dustin Hensley
Pitching: LHP Scott Hopkins
Now at 3B: Mike Rueth
Now at SS: Steve Jones
Batting: RHB Bobby Light 0-0: Called Strike
0-1: Ball
1-1: Foul Ball, location: 2F
1-2: Ball
2-2: Foul Ball, location: 2F
2-2: Ball
3-2: Foul Ball, location: 2F
3-2: Base on Balls
Batting: LHB Bobby Upton 0-0: Ball
Bobby Light steals 2nd base
1-0: Foul Ball, location: 2F
1-1: Ball
2-1: Foul Ball, location: 2F
2-2: Strikes out swinging
Batting: SHB Juan Aguilar 0-0: Called Strike
0-1: Ball
1-1: Ball
2-1: Called Strike
Bobby Light steals 3rd base
2-2: Strikes out looking
Batting: RHB Corey Dalton 0-0: Ball
Wild Pitch!
Bobby Light scores
1-0: Foul Ball, location: 2F
1-1: Fly out, F9 (Flyball, 9LD, EV 86.3 MPH)
Top of the 7th over - 1 run, 0 hits, 0 errors, 0 left on base; Atlanta (MID) 5 - Lakewood 4
BOTTOM OF THE 7TH
Lakewood BlueClaws batting - Pitching for Atlanta (MID) Braves : RHP Craig Goguen
Pitching: RHP Kevin Zika
Batting: RHB Alberto Ramirez 0-0: Fly out, F8 (Line Drive, 8LM, EV 95.6 MPH)
Batting: RHB Victor Arroyo 0-0: Ball
1-0: Called Strike
1-1: Ground out 1-3 (Groundball, 13S, EV 67.5 MPH)
Batting: RHB William-Floyd Goof 0-0: Fly out, F9 (Flyball, 9, EV 83.8 MPH)
Bottom of the 7th over - 0 runs, 0 hits, 0 errors, 0 left on base; Atlanta (MID) 5 - Lakewood 4
TOP OF THE 8TH
Atlanta (MID) Braves batting - Pitching for Lakewood BlueClaws : LHP Scott Hopkins
Batting: RHB Mike Shook 0-0: Foul Ball, location: 2F
0-1: SINGLE (Groundball, 6D, EV 103.1 MPH)
Batting: SHB Richello Badua 0-0: Ball
1-0: Foul Ball, location: 2F
1-1: Foul Ball, location: 2F
1-2: Ball
2-2: DOUBLE (Flyball, 8RXD, EV 90.6 MPH)
Mike Shook to third
Batting: SHB Brandon McClain 0-0: Foul Ball, location: 2F
0-1: Ball
1-1: Ball
2-1: Foul Ball, location: 2F
2-2: TRIPLE (Groundball, 5L, EV 104.4 MPH)
Mike Shook scores
Richello Badua scores
Pitching: RHP Derek Ziolkowski
Batting: RHB Andy Cunningham 0-0: Fly out, F8 (Line Drive, 8RM, EV 108.1 MPH)
Batting: RHB Nick Platt 0-0: Swinging Strike
0-1: Called Strike
0-2: Strikes out swinging
Batting: RHB Bobby Light 0-0: Ball
1-0: Ball
2-0: Ball
3-0: Called Strike
3-1: Foul Ball, location: 2F
3-2: Base on Balls
Batting: LHB Bobby Upton 0-0: Called Strike
0-1: Ball
1-1: Ball
2-1: Fly out, F9 (Line Drive, 9D, EV 83.1 MPH)
Top of the 8th over - 2 runs, 3 hits, 0 errors, 2 left on base; Atlanta (MID) 7 - Lakewood 4
BOTTOM OF THE 8TH
Lakewood BlueClaws batting - Pitching for Atlanta (MID) Braves : RHP Kevin Zika
Pitching: RHP Josh Thomas
Batting: RHB Roberto Ruiz 0-0: Ball
1-0: Foul Ball, location: 2F
1-1: Ball
2-1: Ball
3-1: DOUBLE (Line Drive, 9LM, EV 107.5 MPH)
Batting: RHB Kyle Morse 0-0: Swinging Strike
0-1: Foul Ball, location: 2F
0-2: Strikes out swinging
Batting: RHB Manny Mendoza 0-0: Ball
1-0: Ball
2-0: Called Strike
2-1: Foul Ball, location: 2F
2-2: Hit by Pitch
Batting: LHB Troy Hodge 0-0: Ball
1-0: Called Strike
1-1: Ball
2-1: Ball
3-1: Base on Balls
Roberto Ruiz to third
Manny Mendoza to second
Batting: SHB Mike Rueth 0-0: Ball
1-0: Called Strike
1-1: Swinging Strike
1-2: Strikes out swinging
Batting: RHB Steve Jones 0-0: Ball
1-0: Ball
2-0: Called Strike
2-1: Fielders Choice at 2nd, 5-4 (Groundball, 5L, EV 86.3 MPH)
Bottom of the 8th over - 0 runs, 1 hit, 0 errors, 3 left on base; Atlanta (MID) 7 - Lakewood 4
TOP OF THE 9TH
Atlanta (MID) Braves batting - Pitching for Lakewood BlueClaws : RHP Derek Ziolkowski
Pitching: RHP Ronnie DeAngelo
Batting: SHB Juan Aguilar 0-0: Ball
1-0: Foul Ball, location: 2F
1-1: Called Strike
1-2: Strikes out looking
Batting: RHB Corey Dalton 0-0: Called Strike
0-1: Foul Ball, location: 2F
0-2: Ball
1-2: Ball
2-2: Ball
3-2: Base on Balls
Batting: RHB Mike Shook 0-0: Ball
1-0: Called Strike
1-1: Foul Ball, location: 2F
1-2: Ball
2-2: Strikes out swinging
Batting: SHB Richello Badua 0-0: Called Strike
0-1: Called Strike
0-2: Foul Ball, location: 2F
0-2: Foul Ball, location: 2F
0-2: Ground out 4-3 (Groundball, 4, EV 110.6 MPH)
Top of the 9th over - 0 runs, 0 hits, 0 errors, 1 left on base; Atlanta (MID) 7 - Lakewood 4
BOTTOM OF THE 9TH
Lakewood BlueClaws batting - Pitching for Atlanta (MID) Braves : RHP Josh Thomas
Pitching: RHP Tom Lessor
Batting: RHB Alberto Ramirez 0-0: Called Strike
0-1: Ball
1-1: Ball
2-1: Ball
3-1: Base on Balls
Batting: RHB Victor Arroyo 0-0: Ball
1-0: Called Strike
1-1: Ball
2-1: Foul Ball, location: 2F
2-2: Foul Ball, location: 2F
2-2: Ball
3-2: Fly out, F2 (Popup, 2LF, EV 88.8 MPH)
Pinch Hitting: SHB Chris Perteet 0-0: Called Strike
0-1: Ball
1-1: Called Strike
1-2: Strikes out swinging
Batting: RHB Roberto Ruiz 0-0: Fielders Choice at 2nd, 5-4 (Groundball, 56, EV 101.9 MPH)
Bottom of the 9th over - 0 runs, 0 hits, 0 errors, 1 left on base; Atlanta (MID) 7 - Lakewood 4
Thursday, March 31st , 2022 - OOTP Baseball 22.12 Build 89